Cogmind - Beta 9.6 @@@ ROGUE MODE // 2020.04.27 @ 13:53:20 Player: 3.14 Result: Destroyed 0B10! Performance ------------- Evolutions (9) 4500 Regions Visited (24) 4800 Robots Destroyed (440) 2200 Value Destroyed (23915) 23915 Prototype IDs (44) 880 Alien Tech Used (6) 1200 Bonus (20539) 20539 TOTAL SCORE: 58034 Bonus ------- Triggered High Security 500 High Alert Combat Kills 7973 Follower Combat Kills 1620 Network Hubs Disabled 200 Met Zhirov 300 A7 Reached Mainframe 300 Met Sigix 2000 Escaped with Sigix 5000 Win 3000 Friendly Fire -354 Cogmind --------- Core Integrity 237/1600 Matter 168/300 Energy 58/100 System Corruption 12% Temperature Cool (0) Movement Core (50) Location Tau Ceti IV Orbit Parts ------- > --- POWER (4) -------- (None) > --- PROPULSION (4) --- (None) > --- UTILITY (15) ----- Advanced Terrain Scan Processor Improved Core Analyzer > --- WEAPON (2) ------- (None) > --- INVENTORY (4) ---- Cooled Nova Cannon Sigix Containment Pod Peak State ------------ > --- POWER ------------ Reinforced Antimatter Reactor Light Particle Reactor Light Quantum Reactor Reinforced Quantum Reactor > --- PROPULSION ------- Armored Heavy Treads Centrium Heavy Treads > --- UTILITY ---------- Advanced Heat Sink Experimental Heat Sink High-capacity Storage Unit High-capacity Storage Unit High-capacity Storage Unit Experimental Energy Well Advanced Core Analyzer Centrium Medium Armor Plating Centrium Medium Armor Plating SHELL Armor Improved Focal Shield EM Dispersion Field Advanced Force Field > --- WEAPON ----------- Multirail Multirail > --- INVENTORY -------- Light Antimatter Reactor Light Particle Reactor Biometal Medium Treads Biometal Medium Treads Biometal Medium Treads Biometal Heavy Treads Improved Energy Well Advanced Energy Well Experimental Energy Well Advanced Target Analyzer Centrium Medium Armor Plating Improved System Restoration Module Subatomic Replicator HERF Cannon Compact HERF Cannon Cooled Nova Cannon Improved Potential Cannon Heavy Rocket Launcher Sigix Terminator Sigix Broadsword Sigix Containment Pod [Rating: 221] Favorites ----------- Power Cold Fusion Reactor Engine Heavy Deuterium Engine Power Core Neutrino Core Reactor Cold Fusion Reactor Propulsion Centrium Heavy Treads Treads Centrium Heavy Treads Utility High-capacity Storage Unit Device Experimental Heat Sink Storage High-capacity Storage Unit Processor Enhanced Optical Array Hackware System Mapper Protection Damper Plating Artifact Stasis Generator Weapon Cooled Particle Cannon Energy Gun Heavy EM Shotgun Energy Cannon Cooled Particle Cannon Ballistic Gun Assault Rifle Ballistic Cannon Light Cannon Launcher Long-range Missile Launcher Special Weapon Stasis Beam Slashing Weapon Great Axe Build | -11 -10 -9 -8 -7 -7 -6 -6 -6 -6 -6 -6 -6 -5 -5 -5 -5 -4 -4 -3 -3 -2 -2 -1 -1 ------- Run | Scr Mat Mat Mat Fac Sto Fac Was Fac Ext Cet Arc Hub Fac Upp Upp Zhi Pro Fac Res Qua Res Tes Acc Com Slots Evolved 18 | . . 2 2 2 . 2 . . . . . . 2 . . . . 2 2 . 2 . 2 . Power 3 | . . . . . . 1 . . . . . . 1 . . . . . . . 1 . . . Propulsion 2 | . . . 1 1 . . . . . . . . . . . . . . . . . . . . Utility 13 | . . 2 1 1 . 1 . . . . . . 1 . . . . 2 2 . 1 . 2 . Weapon . | . . . . . . . . . . . . . . . . . . . . . . . . . Parts Attached 461 | 7 8 11 14 24 14 2 5 7 25 13 8 26 14 5 7 7 2 41 29 41 6 64 68 13 Power 61 | 1 . 1 . 1 1 1 . . 6 2 3 2 2 . . 2 2 4 7 6 1 9 9 1 Engine 10 | 1 . 1 . 1 1 1 . . 3 . 1 . . . . 1 . . . . . . . . Core 9 | . . . . . . . . . 3 2 2 . 1 . . . . . . . . 1 . . Reactor 42 | . . . . . . . . . . . . 2 1 . . 1 2 4 7 6 1 8 9 1 Propulsion 40 | 2 2 1 3 7 2 . 2 3 . 1 . . . 2 . . . 3 1 . . 3 4 4 Treads 40 | 2 2 1 3 7 2 . 2 3 . 1 . . . 2 . . . 3 1 . . 3 4 4 Leg . | . . . . . . . . . . . . . . . . . . . . . . . . . Wheel . | . . . . . . . . . . . . . . . . . . . . . . . . . Hover . | . . . . . . . . . . . . . . . . . . . . . . . . . Flight . | . . . . . . . . . . . . . . . . . . . . . . . . . Utility 189 | 2 2 4 3 10 5 1 3 1 6 4 3 16 7 1 4 5 . 18 12 20 3 29 26 4 Device 91 | . . 1 . 4 1 . 2 . 1 . 1 10 2 . 2 1 . 4 4 16 1 23 17 1 Storage 18 | 2 2 3 . 2 . . . . 2 . . . . . . 1 . 2 . 1 . 1 2 . Processor 12 | . . . . . . . . . . . . 1 2 . . . . 3 1 . 1 1 1 2 Hackware 4 | . . . . . . . . . . . . . . . . . . . 1 . . 1 1 1 Protection 63 | . . . 3 4 4 1 1 1 3 4 2 5 3 1 2 3 . 9 6 2 1 3 5 . Artifact 1 | . . . . . . . . . . . . . . . . . . . . 1 . . . . Weapon 171 | 2 4 5 8 6 6 . . 3 13 6 2 8 5 2 3 . . 16 9 15 2 23 29 4 Energy Gun 8 | . . 1 2 . . . . . 2 2 . . . . . . . . . . . 1 . . Energy Cannon 113 | . . 3 2 4 4 . . 1 4 . 2 5 5 1 2 . . 13 6 14 2 22 19 4 Ballistic Gun 9 | 2 . . . . . . . . . 2 . 1 . . . . . . . . . . 4 . Ballistic Cannon 10 | . 3 . 2 2 . . . 1 2 . . . . . . . . . . . . . . . Launcher 19 | . 1 1 2 . 2 . . . 1 . . 1 . 1 1 . . 3 2 . . . 4 . Special Weapon 1 | . . . . . . . . . . . . . . . . . . . 1 . . . . . Impact Weapon . | . . . . . . . . . . . . . . . . . . . . . . . . . Slashing Weapon 11 | . . . . . . . . 1 4 2 . 1 . . . . . . . 1 . . 2 . Piercing Weapon . | . . . . . . . . . . . . . . . . . . . . . . . . . Special Melee Weapon . | . . . . . . . . . . . . . . . . . . . . . . . . . Unidentified Prototypes 41 | . . 2 2 1 1 . . . 1 4 . 6 . . . 3 . 1 2 5 . 11 2 . Parts Lost 39 | . . . . 1 1 . . . 1 . . . . . . . . 9 4 . . 2 16 5 Power 9 | . . . . . . . . . 1 . . . . . . . . 2 1 . . . 4 1 Propulsion 6 | . . . . 1 . . . . . . . . . . . . . 1 . . . . 1 3 Utility 21 | . . . . . 1 . . . . . . . . . . . . 5 2 . . 2 10 1 Weapon 3 | . . . . . . . . . . . . . . . . . . 1 1 . . . 1 . Highest Loss Streak 8 | . . . . 1 1 . . . 1 . . . . . . . . 8 2 . . 1 6 3 Average Slot Usage (%) 81 | . 99 99 100 99 97 100 78 73 75 84 72 73 86 84 88 87 88 83 74 75 74 74 70 14 Engine 3 | . 14 11 9 7 7 13 13 13 8 5 . 1 . . . 1 . . . . . . . . Core 1 | . . . . . . . . . 3 7 10 1 4 5 5 3 . . . . . . . . Reactor 8 | . . . . . . . . . . . . 8 11 11 11 11 16 15 13 14 14 16 14 . Treads 14 | . 27 22 27 30 30 26 14 13 13 13 13 13 11 13 17 17 17 12 9 9 8 8 7 6 Device 7 | . . 11 9 9 8 6 11 6 5 6 2 5 9 5 5 5 5 5 10 11 13 9 13 . Storage 16 | . 28 32 27 21 15 13 13 13 16 20 20 20 17 17 17 17 17 15 14 14 13 13 12 . Processor 6 | . . . . . . . . . . . . . 8 11 11 11 11 11 12 14 15 14 7 5 Protection 8 | . . . 9 13 18 26 10 12 13 18 11 7 8 11 10 10 11 13 4 4 5 4 7 . Energy Cannon 5 | . . 9 1 5 8 13 13 6 6 . . 11 9 4 4 5 5 7 3 3 4 4 3 . Ballistic Cannon 2 | . 22 11 9 6 5 . . 2 2 . . . . . . . . . . . . . . . Naked Turns 1 | . . . . . . . . . . . . . . . . . . . . . . . 1 . Heaviest Build 258 | 17 43 64 75 117 108 115 145 145 167 146 165 171 162 148 148 155 155 219 203 190 204 231 258 15 Greatest Support 160 | 40 40 40 60 88 88 88 140 140 140 150 150 150 150 150 140 140 140 150 150 150 150 160 160 3 Greatest Overweight (x) 4 | 1 1 1 1 1 1 1 1 1 1 1 1 1 1 1 1 1 1 3 1 1 1 1 4 4 Average Overweight (x) . | . . 1 1 . 1 1 . . . . . . . . . . 1 1 1 1 1 1 . . Largest Inventory Capacity 28 | 8 16 22 22 26 20 20 20 20 26 26 26 26 26 26 26 26 26 28 28 28 28 28 28 4 Average Capacity 24 | 5 11 20 22 21 20 20 20 20 22 26 26 26 26 26 26 26 26 27 28 28 28 28 25 4 Most Carried 28 | 4 16 22 22 24 20 20 20 20 26 26 26 26 26 26 26 26 26 28 28 28 28 28 28 4 Average Carried 23 | 2 9 19 21 21 19 18 19 19 21 26 25 25 25 25 25 25 26 24 25 27 26 27 24 3 Final Capacity 28 | 8 16 22 22 20 20 20 20 20 26 26 26 26 26 26 26 26 26 28 28 28 28 28 4 4 Final Carried 28 | 4 16 22 22 20 20 20 20 20 26 26 26 26 26 26 26 26 26 23 27 28 28 28 2 3 Class Distribution -------------------- 48% | Scavenger-Mutant 20% | Hauler-Mutant 18% | Generator-Mutant 7% | Mutant 5% | Commander-Mutant Dominant Class ---------------- Mutant | -10/Materials Hauler-Mutant | -9/Materials Hauler-Mutant | -8/Materials Scavenger-Mutant | -7/Factory Scavenger-Mutant | -7/Storage Commander-Mutant | -6/Factory Scavenger-Mutant | -6/Waste Scavenger-Mutant | -6/Factory Hauler-Mutant | -6/Extension Scavenger-Mutant | -6/Cetus Scavenger-Mutant | -6/Archives Hauler-Mutant | -6/Hub_04(d) Hauler-Mutant | -5/Factory Scavenger-Mutant | -5/Upper Caves Scavenger-Mutant | -5/Upper Caves Scavenger-Mutant | -5/Zhirov Scavenger-Mutant | -4/Proximity Caves Scavenger-Mutant | -4/Factory Scavenger-Mutant | -3/Research Scavenger-Mutant | -3/Quarantine Scavenger-Mutant | -2/Research Generator-Mutant | -2/Testing Generator-Mutant | -1/Access Mutant | -1/Command Resources | -11 -10 -9 -8 -7 -7 -6 -6 -6 -6 -6 -6 -6 -5 -5 -5 -5 -4 -4 -3 -3 -2 -2 -1 -1 ----------- Run | Scr Mat Mat Mat Fac Sto Fac Was Fac Ext Cet Arc Hub Fac Upp Upp Zhi Pro Fac Res Qua Res Tes Acc Com Matter Collected 9053 | 282 231 231 435 338 359 20 58 115 402 142 110 343 84 286 155 . 300 993 580 785 223 1799 716 66 Remotely . | . . . . . . . . . . . . . . . . . . . . . . . . . Salvage Created 22679 | 94 369 586 966 531 731 . 682 46 1268 100 162 840 242 277 142 . 636 2578 2219 1698 223 5324 2965 . Parts 885 | 5 24 25 40 33 37 . 7 3 37 8 7 45 14 11 12 . 17 114 65 73 6 175 127 . Haulers Intercepted 12 | . 2 1 2 1 1 . . . 2 . . . . . . . . 1 1 . . 1 . . Recyclers Shooed 13 | . 1 . 1 . 1 . . . 2 . . 1 . . . . . . 4 1 . . 2 . Parts Field Recycled . | . . . . . . . . . . . . . . . . . . . . . . . . . Retrieved Matter . | . . . . . . . . . . . . . . . . . . . . . . . . . Parts Self-Destructed 9 | . . . . . . . . . . . . . . 4 4 . 1 . . . . . . . Prevented 26 | . . . . . . . . . . . . . . 6 4 . 16 . . . . . . . Kills | -11 -10 -9 -8 -7 -7 -6 -6 -6 -6 -6 -6 -6 -5 -5 -5 -5 -4 -4 -3 -3 -2 -2 -1 -1 ------- Run | Scr Mat Mat Mat Fac Sto Fac Was Fac Ext Cet Arc Hub Fac Upp Upp Zhi Pro Fac Res Qua Res Tes Acc Com Combat Hostiles Destroyed 339 | . 8 9 19 9 14 . 2 1 16 1 2 10 3 5 6 . 8 46 33 22 2 61 62 . Melee 19 | . . . . . . . . . 3 . . . . . . . . . . 5 . . 11 . Guns 23 | . 2 . 6 2 . . . . 8 . 2 . . . . . . . . . . . 3 . Cannons 144 | . 3 9 7 6 10 . . 1 4 . . 10 3 . 3 . 1 22 14 8 2 27 14 . AOE 76 | . 3 . 6 . 4 . . . . . . . . 4 3 . . 17 11 . . . 28 . Classes Destroyed 23 | 1 5 2 1 1 3 . 1 1 . . . 1 . 2 . . . 1 . 1 . 2 1 . Worker 21 | . . . 2 . 1 . . . 1 . . 4 . . . . . . 2 1 . 1 9 . Builder 19 | . 1 . 1 . . . . . . . . 2 1 . . . . 4 . . . 4 6 . Tunneler 4 | . . . . . . . . 1 . . . . . . . . . 1 . . . . 2 . Hauler 12 | . 2 1 2 1 1 . . . 2 . . . . . . . . 1 1 . . 1 . . Recycler 13 | 1 1 2 1 . 2 . . . 2 . . . . . . . . 1 1 . . 1 1 . Carrier 3 | . . . . . . . . . . . . . . 1 . . . . . . . . 2 . Mechanic 1 | . . . . . . . . . . . . . . . . . . . . . . . 1 . Operator 4 | . . . . . 1 . . . . . . 1 . . . . . . . . . . 2 . Watcher 20 | . 1 . 1 2 . . . . . 1 . 1 2 . . . . 5 2 1 1 1 2 . Swarmer 45 | . 3 . . . 3 . . . 4 . . . . 4 4 . . 13 4 . . . 10 . Saboteur 1 | . . . . . . . . . . . . . . . . . . 1 . . . . . . Grunt 140 | . 5 4 12 6 6 . 1 . 10 . . 1 1 . . . 5 16 19 9 . 27 18 . Brawler 12 | . . 1 2 1 . . . . . . . . . . . . . 1 1 1 . 1 4 . Duelist 11 | . . . . . 1 . . . 1 . . 1 . . . . 1 2 2 1 . 1 1 . Protector 5 | . . . . . . . . . . . . 1 . . . . . . 1 1 . . 2 . Researcher 1 | . . . . . . . . . . . . . . . . . . . . . . 1 . . Sentry 28 | . . 4 5 1 3 . . . 1 . 2 2 . . . . . 1 1 . 2 . 6 . Specialist 5 | . . . . . . . . . . . . . . . . . . . . . . 5 . . Hunter 35 | . . . . . 1 . . . . . . 2 2 . 2 . 2 4 . . . 13 9 . Programmer 43 | . . . . 1 . . . 1 . . . . . . . . . 8 5 6 . 12 10 . Behemoth 3 | . . . . . . . . . . . . . . 1 . . . . . . . . 2 . Compactor 2 | . . . . . . . 2 . . . . . . . . . . . . . . . . . Cetus Guard 1 | . . . . . . . . . . 1 . . . . . . . . . . . . . . Lightning 6 | . . . . . . . . . . . . 3 . . . . . . . 3 . . . . Alpha 7 1 | . . . . . . . . . . . . . . . . . . . . 1 . . . . Protovariant L 1 | . . . . . . . . . . . . . . . . . . . . . . 1 . . Protovariant H 1 | . . . . . . . . . . . . . . . . . . . . . . 1 . . Decomposer 2 | . . . . . . . . . . . . . . 2 . . . . . . . . . . Best Kill Streak 41 | 1 4 3 5 5 7 . 1 1 4 2 1 7 4 4 4 . 3 11 12 4 2 8 41 . Combat Bots Only 22 | . 3 3 4 4 5 . 1 1 4 1 1 4 2 4 4 . 3 11 10 4 1 8 22 . Max Kills in Single Turn 40 | 1 3 1 4 1 2 . 1 1 1 1 1 6 2 3 2 . 1 7 3 1 1 2 40 . Gunslinging . | . . . . . . . . . . . . . . . . . . . . . . . . . Exploded 21 | . 2 . 3 . 2 . . . . . . . . 3 2 . . 7 2 . . . 21 . Melee 1 | . . . . . . . . . 1 . . . . . . . . . . 1 . . 1 . Uniques/NPCs Destroyed . | . . . . . . . . . . . . . . . . . . . . . . . . . Combat | -11 -10 -9 -8 -7 -7 -6 -6 -6 -6 -6 -6 -6 -5 -5 -5 -5 -4 -4 -3 -3 -2 -2 -1 -1 -------- Run | Scr Mat Mat Mat Fac Sto Fac Was Fac Ext Cet Arc Hub Fac Upp Upp Zhi Pro Fac Res Qua Res Tes Acc Com Damage Taken 27658 | . 265 103 622 790 918 . . 246 1004 329 23 723 327 255 174 . 608 3008 1903 978 54 3184 9468 2676 Core 2345 | . 62 25 80 54 58 . . . 112 14 . 43 33 25 13 . 58 129 149 11 . 116 564 799 Absorbed by Shields 3188 | . . . . . . . . . . 118 . 9 . . . . . . . . . . 3061 . Reduced by Siege Mode 223 | . . . . . . . . . . . . 7 18 . . . . 41 38 35 . 23 61 . Core Remaining (%) 79 | 100 75 93 85 . 84 . . . . . . 80 . . . . 87 88 . 87 . 82 . 14 Volleys Fired 1044 | 2 29 21 50 35 40 . 17 10 60 7 10 59 13 13 8 . 20 97 106 100 8 187 146 6 Largest 2 | 2 2 2 2 2 2 . 2 2 2 2 1 2 2 1 1 . 1 2 2 1 1 1 2 1 Hottest 240 | 40 70 103 103 112 125 . 60 65 125 240 35 180 180 70 90 . 70 188 98 98 70 200 200 150 Shots Fired 1378 | 4 56 36 83 64 71 . 36 20 115 10 10 115 24 13 8 . 20 123 108 99 8 187 162 6 Gun 149 | 4 32 . 22 10 . . . . 44 10 10 1 . . . . . . . . . . 16 . Cannon 1177 | . 22 35 55 54 66 . 36 20 71 . . 112 24 11 5 . 20 113 95 99 8 187 138 6 Launcher 48 | . 2 1 6 . 5 . . . . . . 2 . 2 3 . . 10 9 . . . 8 . Special 4 | . . . . . . . . . . . . . . . . . . . 4 . . . . . Kinetic 230 | 4 54 15 44 32 29 . . 10 14 1 10 1 . . . . . . . . . . 16 . Thermal 602 | . . 20 11 1 37 . 36 10 57 1 . 112 22 . 1 . . 46 27 60 . 72 83 6 Explosive 47 | . 2 1 6 . 5 . . . . . . 2 . 2 3 . . 10 9 . . . 7 . Electromagnetic 495 | . . . 22 31 . . . . 44 8 . . 2 11 4 . 20 67 68 39 8 115 56 . Robot Hit Streak 26 | 3 11 9 18 12 15 . 11 9 17 15 9 11 16 16 3 . 10 16 14 21 11 26 22 . Robot Miss Streak 5 | . 2 1 5 2 2 . 2 1 2 1 2 3 2 1 1 . 1 2 3 4 . 4 3 . Penetration Max 1 | . . . . . . . . . . . 1 . . . 1 . 1 1 1 1 . 1 1 . Secondary Targets 2 | . . . . . . . . . 1 . . . . . . . . . . . . . 1 . Max Gunslinging Chain 1 | . . . . . . . . . 1 . . . . . . . . . . . . . 1 . Capacitor 445 | . . . . . . . . . . . . . . . . . . . 93 99 8 177 68 . Shots Hit Robots 1071 | 3 43 23 64 49 54 . 27 13 96 8 10 80 16 11 4 . 18 85 82 97 8 134 146 . Core Hits 697 | 2 21 14 64 24 34 . 4 5 51 9 3 41 10 8 8 . 6 88 70 38 3 70 115 9 Critical Hits 108 | . . . 3 . 1 . . . 2 . 3 . . 1 . . 4 14 10 20 3 35 12 . Critical Kills 37 | . . . 2 . . . . . 2 . 1 . . . . . 1 5 3 5 3 8 7 . Critical Parts Destroyed 54 | . . . 1 . 1 . . . . . 2 . . . . . 3 7 5 12 . 20 3 . Melee Attacks 95 | . . . . . . . . 11 18 . 1 1 . . . . . . . 27 . . 37 . Impact . | . . . . . . . . . . . . . . . . . . . . . . . . . Slashing 95 | . . . . . . . . 11 18 . 1 1 . . . . . . . 27 . . 37 . Piercing . | . . . . . . . . . . . . . . . . . . . . . . . . . Sneak Attacks 5 | . . . . . . . . . . . 1 . . . . . . . . 3 . . 1 . Combat Hostiles . | . . . . . . . . . . . . . . . . . . . . . . . . . Follow-up Attacks . | . . . . . . . . . . . . . . . . . . . . . . . . . Damage Inflicted 101045 | 35 870 495 2399 1082 1919 . 855 388 2840 541 386 3413 543 850 775 . 995 7216 5850 5660 419 8599 54844 71 Guns 2848 | 35 332 . 422 194 . . . . 827 167 269 . . . . . . . . . . . 602 . Cannons 34554 | . 244 476 767 863 1172 . 855 306 1399 . . 2620 543 423 253 . 995 4266 3559 3293 419 8200 3901 . Explosions 57916 | . 285 19 1180 . 734 . . 82 283 374 . 793 . 427 522 . . 2931 2256 . . 374 47656 . Melee 5313 | . . . . . . . . . 229 . 117 . . . . . . . . 2347 . . 2620 . Ramming 414 | . 9 . 30 25 13 . . . 102 . . . . . . . . 19 35 20 . 25 65 71 Kinetic 3323 | 35 576 109 601 488 393 . . 72 178 . 269 . . . . . . . . . . . 602 . Thermal 64645 | . . 367 314 . 779 . 855 234 1504 374 . 2620 457 . 35 . . 1793 1017 1853 . 3076 49367 . Explosive 8433 | . 285 19 1032 . 734 . . 82 . . . 24 . 427 522 . . 2123 2256 . . . 929 . Electromagnetic 18917 | . . . 422 569 . . . . 827 167 . 769 86 423 218 . 995 3281 2542 1440 419 5498 1261 . Impact . | . . . . . . . . . . . . . . . . . . . . . . . . . Slashing 5313 | . . . . . . . . . 229 . 117 . . . . . . . . 2347 . . 2620 . Piercing . | . . . . . . . . . . . . . . . . . . . . . . . . . Highest Corruption 12 | . . . . . . . 7 7 7 7 7 9 . . . . . 7 1 4 . 3 11 12 Average Corruption 5 | . . . . . . . 6 7 7 7 7 7 . . . . . 5 1 2 . 2 4 11 Corruption Purged 6 | . . . . . . . . . . . . . . . . . . 1 1 4 . . . . Effects 248 | . . . . . . . 13 14 72 10 9 33 . . . . . 29 1 11 . 21 24 11 Message Errors 58 | . . . . . . . 1 2 16 . 3 6 . . . . . 7 1 2 . 8 9 3 Matter Fused 42 | . . . . . . . 1 4 15 . . 8 . . . . . 6 . . . 3 3 2 Heat Flow Errors 29 | . . . . . . . 1 1 8 2 . 7 . . . . . 4 . 2 . . 3 1 Energy Discharges 31 | . . . . . . . 3 3 7 3 3 2 . . . . . 6 . 2 . 1 1 . Parts Rejected 4 | . . . . . . . . . 2 . . . . . . . . . . . . . 1 1 Data Loss (minor) 34 | . . . . . . . 1 3 13 2 1 2 . . . . . 2 . 1 . 7 1 1 Data Loss (major) 3 | . . . . . . . . . . 2 . . . . . . . 1 . . . . . . Misfires 6 | . . . . . . . 2 . 1 . . 2 . . . . . 1 . . . . . . Alerts 1 | . . . . . . . . . . . . . . . . . . . . . . . . 1 Misdirections 5 | . . . . . . . . . . . . . . . . . . . . . . . 3 2 Targeting Errors 31 | . . . . . . . 4 1 9 . 2 5 . . . . . 2 . 3 . 2 3 . Weapon Failures 4 | . . . . . . . . . 1 1 . 1 . . . . . . . 1 . . . . Overload Shots 31 | . . . . . 2 . . . 1 1 . 19 5 . . . . . . . . 1 1 1 Effects 1 | . . . . . . . . . . . . 1 . . . . . . . . . . . . Energy Bleed 1 | . . . . . . . . . . . . 1 . . . . . . . . . . . . Overflow Damage 7673 | . 11 . 15 . 48 . . 12 98 . 72 23 51 55 104 . 37 333 213 939 12 319 5331 . Projectiles 1136 | . . . 12 . 5 . . 12 64 . . 23 51 44 . . 37 120 115 91 12 319 231 . Explosions 5484 | . 11 . 3 . 43 . . . 11 . . . . 11 104 . . 213 98 . . . 4990 . Melee 1053 | . . . . . . . . . 23 . 72 . . . . . . . . 848 . . 110 . Knockbacks 26 | . . 1 16 2 2 . . . 3 . . . . . . . . . 1 . . . . 1 Impact 4 | . . . . 1 . . . . 1 . . . . . . . . . 1 . . . . 1 Kinetic 20 | . . 1 14 1 2 . . . 2 . . . . . . . . . . . . . . . Secondary 2 | . . . 2 . . . . . . . . . . . . . . . . . . . . . Self-Inflicted Damage 1723 | . . . 17 . 43 . . . 38 . . 9 . . 10 . . 112 120 . . . 1341 33 Shots 13 | . . . 1 . 2 . . . 1 . . 1 . . 1 . . 3 2 . . . 2 . Rammed 43 | . 2 . 3 2 2 . . . 6 . . . . . . . . 1 1 4 . 3 3 16 Targets Rammed 44 | . 2 . 3 3 2 . . . 6 . . . . . . . . 1 1 4 . 3 3 16 Kicked . | . . . . . . . . . . . . . . . . . . . . . . . . . Crushed 1 | . . . . 1 . . . . . . . . . . . . . . . . . . . . Highest Temperature 314 | . 45 7 12 146 30 . 197 126 255 160 314 271 42 . . . . 212 308 164 15 264 262 212 Average Temperature 72 | . 13 3 6 44 14 . 76 78 51 46 170 79 22 . . . . 41 107 23 7 75 73 91 Received Heat Transfer 3484 | . 150 42 306 285 234 . . 36 285 65 . 72 18 33 . . 129 654 387 90 9 180 437 72 Effects 11 | . . . . . . . . . . . 3 2 . . . . . . . . . 3 3 . Interference 9 | . . . . . . . . . . . 1 2 . . . . . . . . . 3 3 . Short Circuit 1 | . . . . . . . . . . . 1 . . . . . . . . . . . . . Damage (minor) 1 | . . . . . . . . . . . 1 . . . . . . . . . . . . . Siege Activations 18 | . . . . . . . . . . . . 2 1 . . . . 3 4 2 . 4 2 . Total Turns 650 | . . . . . . . . . . . . 92 14 . . . . 205 79 152 . 37 71 . Longest Duration 142 | . . . . . . . . . . . . 85 14 . . . . 82 40 142 . 19 44 . Robots Corrupted 81 | . . . . 1 . . . . 1 1 . . . 2 . . 7 10 9 10 . 35 5 . Combat Hostiles 73 | . . . . 1 . . . . 1 1 . . . 1 . . 7 7 8 9 . 33 5 . Parts Fried 162 | . . . . 1 . . . . 5 . . 3 . 3 4 . 8 27 29 13 5 57 7 . Impact Corruptions . | . . . . . . . . . . . . . . . . . . . . . . . . . Robots Melted 4 | . . . . . . . 2 . . . . . . . . . . . . . . 1 1 . Combat Hostiles 4 | . . . . . . . 2 . . . . . . . . . . . . . . 1 1 . Parts Melted 32 | . . . 1 . . . 3 1 2 . . 9 4 . . . . . . . . 4 8 . Heat Transferred 18123 | . . 666 396 . 1025 . 1184 296 1965 250 . 2911 581 . 50 . . 1460 888 1589 . 2413 2449 . Parts Sabotaged . | . . . . . . . . . . . . . . . . . . . . . . . . . Parts Stolen . | . . . . . . . . . . . . . . . . . . . . . . . . . Parts Stripped . | . . . . . . . . . . . . . . . . . . . . . . . . . Power Chain Reactions 10 | . . . 3 . . . . . 3 1 . . . . . . . 2 . . . 1 . . Missiles Intercepted . | . . . . . . . . . . . . . . . . . . . . . . . . . Alert | -11 -10 -9 -8 -7 -7 -6 -6 -6 -6 -6 -6 -6 -5 -5 -5 -5 -4 -4 -3 -3 -2 -2 -1 -1 ------- Run | Scr Mat Mat Mat Fac Sto Fac Was Fac Ext Cet Arc Hub Fac Upp Upp Zhi Pro Fac Res Qua Res Tes Acc Com Peak Influence 5803 | 5 176 194 636 462 692 184 66 169 318 418 339 887 576 . . . . 1124 1221 701 280 1174 5803 3769 Average Influence 568 | 1 66 82 461 353 459 155 52 93 159 211 312 557 471 . . . . 619 761 349 245 699 1615 3707 Maximum Alert Level 5 | . . . 2 2 2 . . . 1 2 1 3 2 . . . . 4 4 3 1 4 5 5 Low Security (%) 31 | 100 100 100 3 . 16 100 100 100 78 30 6 12 . . . . . 8 . 29 15 5 . . Level 1 19 | . . . 25 74 19 . . . 21 51 93 21 12 . . . . 26 . 39 85 11 . . Level 2 21 | . . . 71 25 64 . . . . 17 . 27 87 . . . . 15 59 24 . 34 . . Level 3 17 | . . . . . . . . . . . . 38 . . . . . 43 21 6 . 41 43 . Level 4 6 | . . . . . . . . . . . . . . . . . . 5 19 . . 6 38 . Level 5 1 | . . . . . . . . . . . . . . . . . . . . . . . . 100 High Security 1 | . . . . . . . . . . . . . . . . . . . . . . . 17 . Max Security . | . . . . . . . . . . . . . . . . . . . . . . . . . Squads Dispatched 73 | . 1 2 2 1 3 . . 2 4 . . 2 . . . . . 9 8 6 . 9 21 3 Investigation 12 | . 1 2 . . 1 . . . 2 . . . . . . . . . 1 . . 3 1 1 Extermination 18 | . . . . . . . . 1 . . . . . . . . . 4 2 4 . 3 4 . Reinforcement 22 | . . . 2 1 2 . . 1 2 . . 1 . . . . . 3 3 1 . 3 3 . Assault 21 | . . . . . . . . . . . . 1 . . . . . 2 2 1 . . 13 2 Garrison . | . . . . . . . . . . . . . . . . . . . . . . . . . Intercept . | . . . . . . . . . . . . . . . . . . . . . . . . . Construction Impeded 7 | . . . 1 . 1 . . . 1 . . . . . . . . 1 1 . . 2 . . Haulers Reinforced 4 | . . . . 1 . . . . . . . . . . . . . 1 1 . . 1 . . Stealth | -11 -10 -9 -8 -7 -7 -6 -6 -6 -6 -6 -6 -6 -5 -5 -5 -5 -4 -4 -3 -3 -2 -2 -1 -1 --------- Run | Scr Mat Mat Mat Fac Sto Fac Was Fac Ext Cet Arc Hub Fac Upp Upp Zhi Pro Fac Res Qua Res Tes Acc Com Distress Signals 29 | . 2 1 3 3 2 . . . 2 1 . 1 1 . . . . . 2 1 1 1 5 3 Communications Jammed . | . . . . . . . . . . . . . . . . . . . . . . . . . Distress Signals . | . . . . . . . . . . . . . . . . . . . . . . . . . Times Spotted 531 | . 15 10 32 18 19 1 6 3 41 11 6 18 7 6 6 . 8 58 40 34 3 75 94 20 Peak Tracking Total 21 | . 4 3 4 4 5 1 2 2 4 5 2 4 3 3 4 . 3 10 10 5 2 7 21 16 Tactical Retreats 30 | . 1 . 3 1 . . . . 6 . . . . . . . . . 2 1 . 4 10 2 Traps | -11 -10 -9 -8 -7 -7 -6 -6 -6 -6 -6 -6 -6 -5 -5 -5 -5 -4 -4 -3 -3 -2 -2 -1 -1 ------- Run | Scr Mat Mat Mat Fac Sto Fac Was Fac Ext Cet Arc Hub Fac Upp Upp Zhi Pro Fac Res Qua Res Tes Acc Com Traps Triggered 25 | . . 1 . . 1 1 . . 5 . . 5 . . . . . 6 . . . 3 2 1 Indirectly 3 | . . . . . . . . . . . . . . . . . . 3 . . . . . . Trap Hack Attempts . | . . . . . . . . . . . . . . . . . . . . . . . . . Triggered . | . . . . . . . . . . . . . . . . . . . . . . . . . Disarmed . | . . . . . . . . . . . . . . . . . . . . . . . . . Reprogrammed 3 | . . . . . . . . . . . . 3 . . . . . . . . . . . . Reused . | . . . . . . . . . . . . . . . . . . . . . . . . . Traps Extracted . | . . . . . . . . . . . . . . . . . . . . . . . . . Installed . | . . . . . . . . . . . . . . . . . . . . . . . . . Triggered 1 | . . . . . . . . . . . . . . . . . . 1 . . . . . . Machines | -11 -10 -9 -8 -7 -7 -6 -6 -6 -6 -6 -6 -6 -5 -5 -5 -5 -4 -4 -3 -3 -2 -2 -1 -1 ---------- Run | Scr Mat Mat Mat Fac Sto Fac Was Fac Ext Cet Arc Hub Fac Upp Upp Zhi Pro Fac Res Qua Res Tes Acc Com Machines Disabled 88 | . 1 1 3 1 3 . . 2 2 4 2 11 . . . . . 17 2 7 . 12 19 1 Max in Single Turn 17 | . 1 1 2 1 1 . . 2 1 1 1 9 . . . . . 6 1 1 . 1 17 1 Garrison Access 1 | . . . . . . . . . . . . . . . . . . . . . . 1 . . Network Hub 1 | . . . . . . . . . . . . 1 . . . . . . . . . . . . Machines Sabotaged . | . . . . . . . . . . . . . . . . . . . . . . . . . Garrisons Compromised . | . . . . . . . . . . . . . . . . . . . . . . . . . Overloaded Fab Kills . | . . . . . . . . . . . . . . . . . . . . . . . . . Fab Network Shutdowns . | . . . . . . . . . . . . . . . . . . . . . . . . . Hacking | -11 -10 -9 -8 -7 -7 -6 -6 -6 -6 -6 -6 -6 -5 -5 -5 -5 -4 -4 -3 -3 -2 -2 -1 -1 --------- Run | Scr Mat Mat Mat Fac Sto Fac Was Fac Ext Cet Arc Hub Fac Upp Upp Zhi Pro Fac Res Qua Res Tes Acc Com Machines Accessed 74 | . 6 2 4 2 4 . . 3 14 2 . 3 . . . 4 . 3 2 13 . 7 4 1 Terminals 53 | . 4 1 1 1 4 . . 2 14 2 . 3 . . . . . 1 1 11 . 4 3 1 Fabricators 1 | . . . . 1 . . . . . . . . . . . . . . . . . . . . Repair Stations 12 | . 1 1 2 . . . . . . . . . . . . . . 2 1 2 . 2 1 . Recycling Units 1 | . 1 . . . . . . . . . . . . . . . . . . . . . . . Scanalyzers 2 | . . . 1 . . . . 1 . . . . . . . . . . . . . . . . Garrison Access 1 | . . . . . . . . . . . . . . . . . . . . . . 1 . . Total Hacks 254 | . 21 12 19 4 12 . . 12 36 3 . 11 . . . 17 . 11 10 41 . 22 11 12 Successful 148 | . 16 9 14 1 3 . . 11 15 1 . 6 . . . 17 . 7 2 25 . 11 5 5 Failed 106 | . 5 3 5 3 9 . . 1 21 2 . 5 . . . . . 4 8 16 . 11 6 7 Catastrophic 21 | . 1 . . 1 1 . . . 5 . . 1 . . . . . 1 . 6 . 3 2 . Database Lockouts . | . . . . . . . . . . . . . . . . . . . . . . . . . Manual 112 | . 10 2 1 2 4 . . 5 19 3 . 7 . . . . . . 4 30 . 8 5 12 Terminals 168 | . 10 4 3 3 12 . . 6 36 3 . 11 . . . . . 4 5 37 . 13 9 12 Fabricators 1 | . . . . 1 . . . . . . . . . . . . . . . . . . . . Repair Stations 50 | . 10 8 7 . . . . . . . . . . . . . . 7 5 4 . 7 2 . Recycling Units 1 | . 1 . . . . . . . . . . . . . . . . . . . . . . . Scanalyzers 15 | . . . 9 . . . . 6 . . . . . . . . . . . . . . . . Garrison Access 2 | . . . . . . . . . . . . . . . . . . . . . . 2 . . Terminal Hacks 67 | . 1 2 1 . 2 . . 4 10 1 . 4 . . . 17 . 1 1 13 . 6 2 2 Record 6 | . . . . . . . . . . . . . . . . 5 . . . 1 . . . . Part Schematic 4 | . . . . . . . . . . . . . . . . 4 . . . . . . . . Robot Analysis 4 | . . . . . . . . . . . . . . . . 4 . . . . . . . . Prototype ID Bank 4 | . . . . . . . . . . . . . . . . 4 . . . . . . . . Open Door 12 | . . . . . 1 . . 1 7 . . . . . . . . . 1 2 . . . . Branch Access Points 2 | . . . . . . . . 1 . . . . . . . . . . . 1 . . . . Emergency Access Points 1 | . . . . . . . . . . . . 1 . . . . . . . . . . . . Machine Index 1 | . . . . . . . . . . . . . . . . . . . . . . . 1 . Terminal Index 3 | . . . . . . . . 1 . . . . . . . . . . . 1 . . . 1 Alert Level 2 | . . . . . . . . . . . . . . . . . . . . 1 . 1 . . Unreport Threat 12 | . . . . . 1 . . 1 2 1 . . . . . . . . . 4 . 3 . . Locate Traps 4 | . . . . . . . . . 1 . . 1 . . . . . . . . . 1 1 . Reprogram Traps 1 | . . . . . . . . . . . . 1 . . . . . . . . . . . . Recall Investigation 1 | . . 1 . . . . . . . . . . . . . . . . . . . . . . Recall Extermination 1 | . . . . . . . . . . . . . . . . . . . . 1 . . . . Hauler Manifests 2 | . 1 1 . . . . . . . . . . . . . . . . . . . . . . Zone Layout 7 | . . . 1 . . . . . . . . 1 . . . . . 1 . 2 . 1 . 1 Fabricator Hacks . | . . . . . . . . . . . . . . . . . . . . . . . . . Repair Station Hacks 33 | . 10 6 4 . . . . . . . . . . . . . . 6 1 1 . 3 2 . Scan Component 19 | . 5 3 3 . . . . . . . . . . . . . . 3 1 1 . 2 1 . Repair 14 | . 5 3 1 . . . . . . . . . . . . . . 3 . . . 1 1 . Recycling Unit Hacks . | . . . . . . . . . . . . . . . . . . . . . . . . . Scanalyzer 13 | . . . 8 . . . . 5 . . . . . . . . . . . . . . . . Insert Component 6 | . . . 4 . . . . 2 . . . . . . . . . . . . . . . . Analyze 7 | . . . 4 . . . . 3 . . . . . . . . . . . . . . . . Garrison Access Hacks . | . . . . . . . . . . . . . . . . . . . . . . . . . Unauthorized Hacks 35 | . 5 1 1 1 1 . . 2 5 . . 2 . . . . . . . 11 . 2 1 3 Terminals 33 | . 4 1 1 1 1 . . 2 5 . . 2 . . . . . . . 11 . 1 1 3 Track 6 | . . . . . . . . 1 . . . 2 . . . . . . . 2 . . . 1 Botnet 22 | . 3 1 1 1 . . . . 5 . . . . . . . . . . 8 . 1 1 1 Disrupt 2 | . . . . . 1 . . . . . . . . . . . . . . . . . . 1 Operators 3 | . 1 . . . . . . 1 . . . . . . . . . . . 1 . . . . Fabricators . | . . . . . . . . . . . . . . . . . . . . . . . . . Repair Stations . | . . . . . . . . . . . . . . . . . . . . . . . . . Recycling Units 1 | . 1 . . . . . . . . . . . . . . . . . . . . . . . Tunnel 1 | . 1 . . . . . . . . . . . . . . . . . . . . . . . Scanalyzers . | . . . . . . . . . . . . . . . . . . . . . . . . . Garrison Access 1 | . . . . . . . . . . . . . . . . . . . . . . 1 . . Jam 1 | . . . . . . . . . . . . . . . . . . . . . . 1 . . Data Cores Recovered 1 | . . . . . 1 . . . . . . . . . . . . . . . . . . . Used 1 | . . . . . 1 . . . . . . . . . . . . . . . . . . . Hacking Detections 62 | . 5 2 4 2 4 . . 2 13 2 . 3 . . . . . 1 2 10 . 7 4 1 Full Trace Events 7 | . . 1 . . 1 . . . 2 . . . . . . . . . 1 . . 2 . . Feedback Events . | . . . . . . . . . . . . . . . . . . . . . . . . . Feedback Blocked . | . . . . . . . . . . . . . . . . . . . . . . . . . Robot Schematics Acquired . | . . . . . . . . . . . . . . . . . . . . . . . . . Robots Built . | . . . . . . . . . . . . . . . . . . . . . . . . . Matter . | . . . . . . . . . . . . . . . . . . . . . . . . . Time . | . . . . . . . . . . . . . . . . . . . . . . . . . Total Robot Build Rating . | . . . . . . . . . . . . . . . . . . . . . . . . . Part Schematics Acquired 10 | . . . 4 . . . . 2 . . . . . . . 4 . . . . . . . . Parts Built . | . . . . . . . . . . . . . . . . . . . . . . . . . Matter . | . . . . . . . . . . . . . . . . . . . . . . . . . Time . | . . . . . . . . . . . . . . . . . . . . . . . . . Total Part Build Rating . | . . . . . . . . . . . . . . . . . . . . . . . . . Parts Repaired 14 | . 5 3 1 . . . . . . . . . . . . . . 3 . . . 1 1 . Time 627 | . 130 84 38 . . . . . . . . . . . . . . 324 . . . 31 20 . Parts Recycled . | . . . . . . . . . . . . . . . . . . . . . . . . . Recycled Matter . | . . . . . . . . . . . . . . . . . . . . . . . . . Retrieved Matter . | . . . . . . . . . . . . . . . . . . . . . . . . . Retrieved Components . | . . . . . . . . . . . . . . . . . . . . . . . . . Parts Scanalyzed 6 | . . . 4 . . . . 2 . . . . . . . . . . . . . . . . Part Schematics Acquired 6 | . . . 4 . . . . 2 . . . . . . . . . . . . . . . . Parts Damaged . | . . . . . . . . . . . . . . . . . . . . . . . . . Bothacking | -11 -10 -9 -8 -7 -7 -6 -6 -6 -6 -6 -6 -6 -5 -5 -5 -5 -4 -4 -3 -3 -2 -2 -1 -1 ------------ Run | Scr Mat Mat Mat Fac Sto Fac Was Fac Ext Cet Arc Hub Fac Upp Upp Zhi Pro Fac Res Qua Res Tes Acc Com Used RIF Installer . | . . . . . . . . . . . . . . . . . . . . . . . . . Robots Hacked . | . . . . . . . . . . . . . . . . . . . . . . . . . Non-combat . | . . . . . . . . . . . . . . . . . . . . . . . . . Combat . | . . . . . . . . . . . . . . . . . . . . . . . . . Robot Hacks Applied . | . . . . . . . . . . . . . . . . . . . . . . . . . Relay Couplers Released 3 | . . . . . . . . . . . . . . . . . . . . . . 3 . . Machine Destruction 3 | . . . . . . . . . . . . . . . . . . . . . . 3 . . Robots Rewired 9 | . . . . . . . . . 9 . . . . . . . . . . . . . . . Allies Hacked . | . . . . . . . . . . . . . . . . . . . . . . . . . Hacks Repelled . | . . . . . . . . . . . . . . . . . . . . . . . . . Allies | -11 -10 -9 -8 -7 -7 -6 -6 -6 -6 -6 -6 -6 -5 -5 -5 -5 -4 -4 -3 -3 -2 -2 -1 -1 -------- Run | Scr Mat Mat Mat Fac Sto Fac Was Fac Ext Cet Arc Hub Fac Upp Upp Zhi Pro Fac Res Qua Res Tes Acc Com Total Allies 33 | . . . . . 10 . . . 19 4 . . . . . . . . . . . . . . Largest Group 10 | . . . . . 10 10 8 6 8 6 5 3 . . . . . . . . . . . . Highest-Rated Group 557 | . . . . . 173 173 141 109 262 557 463 282 . . . . . . . . . . . . Highest-Rated Ally 156 | . . . . . 29 29 29 29 156 156 156 94 . . . . . . . . . . . . Total Orders 4 | . . . . . . . . . 1 . . . . . . . . . . . . . . 3 STAY 1 | . . . . . . . . . 1 . . . . . . . . . . . . . . . GOTO 1 | . . . . . . . . . . . . . . . . . . . . . . . . 1 EXPLORE 2 | . . . . . . . . . . . . . . . . . . . . . . . . 2 Ally Attacks 366 | . . . . . . 13 96 14 141 33 26 43 . . . . . . . . . . . . Total Damage 8133 | . . . . . . 176 1417 273 2894 854 994 1525 . . . . . . . . . . . . Kills 50 | . . . . . . 1 4 2 24 10 2 7 . . . . . . . . . . . . Allies Corrupted 3 | . . . . . . . 1 2 . . . . . . . . . . . . . . . . Allies Melted . | . . . . . . . . . . . . . . . . . . . . . . . . . Intel | -11 -10 -9 -8 -7 -7 -6 -6 -6 -6 -6 -6 -6 -5 -5 -5 -5 -4 -4 -3 -3 -2 -2 -1 -1 ------- Run | Scr Mat Mat Mat Fac Sto Fac Was Fac Ext Cet Arc Hub Fac Upp Upp Zhi Pro Fac Res Qua Res Tes Acc Com Robot Analysis Total 4 | . . . . . . . . . . . . . . . . 4 . . . . . . . . Derelict Logs Recovered 4 | . . . . . . . . . . . . . . 1 1 . 2 . . . . . . . Drone Launches 6 | . . . . . . . . . . . . . . . . . . . . . . . . 6 Drone Recoveries . | . . . . . . . . . . . . . . . . . . . . . . . . . Exploration | -11 -10 -9 -8 -7 -7 -6 -6 -6 -6 -6 -6 -6 -5 -5 -5 -5 -4 -4 -3 -3 -2 -2 -1 -1 ------------- Run | Scr Mat Mat Mat Fac Sto Fac Was Fac Ext Cet Arc Hub Fac Upp Upp Zhi Pro Fac Res Qua Res Tes Acc Com Turns Passed 18905 | 92 941 628 787 736 456 106 302 376 2358 330 265 735 459 776 650 260 701 1793 935 1267 140 1956 1594 262 Spaces Moved 8387 | 54 390 248 312 325 172 52 118 181 1025 132 118 268 237 435 343 136 366 584 384 492 71 889 665 390 Core 555 | 14 . . . . . . . . . . . . . . . . . . . . . . 151 390 Treads 7832 | 40 390 248 312 325 172 52 118 181 1025 132 118 268 237 435 343 136 366 584 384 492 71 889 514 . Legs . | . . . . . . . . . . . . . . . . . . . . . . . . . Wheels . | . . . . . . . . . . . . . . . . . . . . . . . . . Hover . | . . . . . . . . . . . . . . . . . . . . . . . . . Flight . | . . . . . . . . . . . . . . . . . . . . . . . . . Fastest Speed 50 | 50 160 180 180 160 180 180 160 160 160 160 160 160 160 160 160 160 180 180 172 172 172 165 50 50 Average Speed 167 | 135 168 180 180 175 180 180 178 161 179 164 174 177 163 169 179 179 180 182 176 172 172 172 154 51 Slowest Speed 250 | 160 180 180 180 180 180 180 180 180 180 180 180 180 180 180 180 180 180 220 180 172 172 180 250 250 Overloaded Moves . | . . . . . . . . . . . . . . . . . . . . . . . . . Propulsion Burnouts . | . . . . . . . . . . . . . . . . . . . . . . . . . Robots Hopped . | . . . . . . . . . . . . . . . . . . . . . . . . . Cave-ins Triggered 1 | . . . . . . . . . . . . . . . . . . . . . . . 1 . Teleports 1 | . . . . . . . . . . . . . . . . . . . . . . 1 . . Exploration Rate (%) 41 | 4 77 25 36 11 50 2 72 7 72 66 78 37 8 63 58 60 70 24 14 64 3 74 28 30 Regions Visited 24 Branch Regions 12 Pre-discovered Areas 4 | . 1 . . . . . . . . . . . . . . 3 . . . . . . . . Known Exits Taken 4 | . . . . . . . . 1 . . . . 1 . . . 1 . . . 1 . . . Unknown Exits Taken 18 | 1 1 1 1 1 1 . . . 1 1 1 1 . 1 1 1 . 1 1 1 . 1 1 . Scrap Searched 8 | . . . . . . . . . . . . . . 2 4 . 2 . . . . . . . Spaces Dug 174 | . . 9 . . . . . 11 10 . . 16 1 23 13 . . 25 1 5 . 15 41 4 Terrain Destroyed 2915 | . 16 9 68 . 66 . 2 44 40 17 5 171 4 37 20 . . 125 90 10 . 45 2142 4 Melee 25 | . . . . . . . . 11 10 . . 1 . . . . . . . 2 . . 1 . Projectile 88 | . . . . . 5 . 2 . 1 . 5 7 4 . . . . 6 3 8 . 15 28 4 AOE 2802 | . 16 9 68 . 61 . . 33 29 17 . 163 . 37 20 . . 119 87 . . 30 2113 . Actions | -11 -10 -9 -8 -7 -7 -6 -6 -6 -6 -6 -6 -6 -5 -5 -5 -5 -4 -4 -3 -3 -2 -2 -1 -1 --------- Run | Scr Mat Mat Mat Fac Sto Fac Was Fac Ext Cet Arc Hub Fac Upp Upp Zhi Pro Fac Res Qua Res Tes Acc Com Total 12127 | 66 619 395 453 438 244 66 184 227 1398 232 166 416 285 462 371 154 389 1189 616 866 90 1304 1051 446 Wait 1406 | . 164 91 59 9 11 10 15 6 106 70 20 21 6 . . . . 428 61 138 . 92 90 9 Move 8363 | 53 389 247 311 324 171 52 117 180 1024 131 117 267 236 434 342 135 365 583 383 491 70 888 664 389 Hop . | . . . . . . . . . . . . . . . . . . . . . . . . . Pick Up 232 | 4 20 16 7 15 2 2 9 6 15 2 4 13 7 4 6 3 . 20 18 20 3 17 16 3 Fast Attach 127 | 7 1 1 1 3 2 . 3 2 7 8 . 9 4 2 2 5 1 5 5 14 2 24 12 7 Attach 137 | . . 3 3 7 3 2 1 2 4 . 2 5 5 2 4 1 . 22 8 10 2 17 28 6 Detach 34 | . . . . . . . . . 1 . . 1 . 1 . . . 3 3 3 . 9 8 5 Swap 201 | . 7 7 10 14 9 . 1 3 14 5 6 12 5 1 1 2 1 14 16 18 2 24 29 . Drop 309 | . 7 9 9 28 4 . 21 7 16 9 6 22 9 5 8 8 2 16 15 41 3 43 18 3 Fire 1044 | 2 29 21 50 35 40 . 17 10 60 7 10 59 13 13 8 . 20 97 106 100 8 187 146 6 Melee 95 | . . . . . . . . 11 18 . 1 1 . . . . . . . 27 . . 37 . Ram 16 | . . . . . . . . . . . . . . . . . . . . . . . . 16 Kick . | . . . . . . . . . . . . . . . . . . . . . . . . . Crush 28 | . 2 . 3 3 2 . . . 6 . . . . . . . . 1 1 4 . 3 3 . Escape Stasis 16 | . . . . . . . . . 10 . . 6 . . . . . . . . . . . . Rewire 117 | . . . . . . . . . 117 . . . . . . . . . . . . . . . Trap . | . . . . . . . . . . . . . . . . . . . . . . . . . Miscellaneous 2 | . . . . . . . . . . . . . . . . . . . . . . . . 2 Route ------- -11/Scrapyard -10/Materials (discovered 2 exits: *Mat x2) -9/Materials -8/Materials -7/Factory -7/Storage -6/Factory -6/Waste -6/Factory (discovered 4 exits: *Low x2 / *Ext x2) -6/Extension (discovered 2 exits: [*Fac] / *Cet) -6/Cetus -6/Archives (discovered 3 exits: [*Fac] / *Hub x2) -6/Hub_04(d) -5/Factory -5/Upper Caves -5/Upper Caves (discovered 2 exits: Fac / *Zhi) -5/Zhirov -4/Proximity Caves -4/Factory -3/Research (discovered 2 exits: [*Res] / *Qua) -3/Quarantine -2/Research (discovered 2 exits: *Tes x2) -2/Testing -1/Access -1/Command Tau Ceti IV Orbit History --------- Turn | Location | Event 18 | -11/Scrapyard | Discovered new exit (range 14) 93 | -11/Scrapyard | Entered Materials 319 | -10/Materials | Build established: Mutant 436 | -10/Materials | Discovered new exit (range 10) 819 | -10/Materials | Repaired Lgt. Treads 846 | -10/Materials | Repaired Lgt. Treads 874 | -10/Materials | Repaired Lgt. Treads 901 | -10/Materials | Repaired Lgt. Cannon 928 | -10/Materials | Repaired Lgt. Treads 1029 | -10/Materials | Discovered new exit (range 3) 1034 | -10/Materials | Entered another Materials area 1034 | -9/Materials | Evolved 2 slots: Utility x2 1383 | -9/Materials | Build established: Hauler-Mutant 1482 | -9/Materials | Discovered new exit (range 13) 1584 | -9/Materials | Repaired Lgt. Treads 1611 | -9/Materials | Repaired Lgt. Treads 1644 | -9/Materials | Repaired Particle Cannon 1662 | -9/Materials | Entered another Materials area 1662 | -8/Materials | Evolved 2 slots: Propulsion x1, Utility x1 2275 | -8/Materials | Discovered new exit (range 9) 2410 | -8/Materials | Repaired Hrd. Medium Armor Plating 2449 | -8/Materials | Entered Factory 2449 | -7/Factory | Evolved 2 slots: Propulsion x1, Utility x1 2744 | -7/Factory | Build established: Scavenger-Mutant 2984 | -7/Factory | Discovered new exit (range 9) 3185 | -7/Factory | Entered Storage 3589 | -7/Storage | Discovered new exit (range 15) 3600 | -7/Storage | Assisted by bots powering up and referring to "LRC-V3" 3641 | -7/Storage | Entered Factory 3641 | -6/Factory | Accompanied by 10 allies 3641 | -6/Factory | Evolved 2 slots: Power x1, Utility x1 3747 | -6/Factory | Sucked down chute 3747 | -6/Factory | Entered Waste 3762 | -6/Waste | EMP discharged 3764 | -6/Waste | Spotted C-40 Crusher 3772 | -6/Waste | Allies destroyed C-40 Crusher 3804 | -6/Waste | Found Damper Plating 3822 | -6/Waste | Found Damper Plating 3840 | -6/Waste | Spotted C-40 Crusher 3847 | -6/Waste | Spotted C-40 Crusher 3849 | -6/Waste | Allies destroyed C-40 Crusher 3858 | -6/Waste | Allies destroyed C-40 Crusher 3862 | -6/Waste | EMP discharged 3884 | -6/Waste | Spotted C-40 Crusher 3900 | -6/Waste | 9 allies followed down the chute 3900 | -6/Waste | Destroyed C-40 Crusher 3960 | -6/Waste | Spotted C-40 Crusher 3962 | -6/Waste | EMP discharged 3968 | -6/Waste | Allies destroyed C-40 Crusher 3987 | -6/Waste | Found Damper Plating 3999 | -6/Waste | Spotted C-40 Crusher 4012 | -6/Waste | Destroyed C-40 Crusher 4022 | -6/Waste | Discovered new exit (range 16) 4049 | -6/Waste | Entered Factory 4049 | -6/Factory | Accompanied by 6 allies 4071 | -6/Factory | Identified exit to Lower Caves 4071 | -6/Factory | Identified exit to Extension 4425 | -6/Factory | Entered Extension 4820 | -6/Extension | Rescued a captive Derelict 5026 | -6/Extension | Rescued a captive Derelict 5250 | -6/Extension | Build established: Commander-Mutant 5450 | -6/Extension | Disrupted transfer network 6060 | -6/Extension | Build established: Hauler-Mutant 6251 | -6/Extension | Rescued a captive Derelict 6287 | -6/Extension | Rescued a captive Derelict 6329 | -6/Extension | Rescued a captive Derelict 6358 | -6/Extension | Rescued a captive Derelict 6360 | -6/Extension | Rescued a captive Derelict 6480 | -6/Extension | Rescued a captive Derelict 6480 | -6/Extension | Rescued a captive Derelict 6555 | -6/Extension | Rescued A7 6695 | -6/Extension | Discovered new exit (range 10) 6697 | -6/Extension | Discovered new exit (range 6) 6783 | -6/Extension | Entered Cetus 6783 | -6/Cetus | Accompanied by 2 allies 6788 | -6/Cetus | Acquired a Cetus Manufacturing Module code from A7 6807 | -6/Cetus | Spotted Cetus Guard 6807 | -6/Cetus | Spotted Cetus Guard 6809 | -6/Cetus | Spotted Cetus Guard 6819 | -6/Cetus | Spotted Cetus Guard 6823 | -6/Cetus | Destroyed Cetus Guard 6824 | -6/Cetus | Allies destroyed Cetus Guard 6828 | -6/Cetus | Allies destroyed Cetus Guard 6830 | -6/Cetus | Allies destroyed Cetus Guard 6937 | -6/Cetus | Started Cetus Manufacturing Module 6953 | -6/Cetus | Escorted A7 to Cetus Mainframe 6962 | -6/Cetus | Manufactured an Enhanced Grunt 6987 | -6/Cetus | Manufactured an Enhanced Grunt 7012 | -6/Cetus | Manufactured an Enhanced Grunt 7037 | -6/Cetus | Manufactured an Enhanced Grunt 7044 | -6/Cetus | Cetus Manufacturing Module disabled 7082 | -6/Cetus | Discovered new exit (range 15) 7113 | -6/Cetus | Entered Archives 7113 | -6/Archives | Accompanied by 5 allies 7118 | -6/Archives | Received a hacking code to weaken MAIN.C 7167 | -6/Archives | Build established: Scavenger-Mutant 7189 | -6/Archives | Discovered new exit (range 16) 7201 | -6/Archives | Discovered new exit (range 16) 7223 | -6/Archives | Discovered new exit (range 15) 7378 | -6/Archives | Entered Hub_04(d) 7378 | -6/Hub_04(d) | Accompanied by 3 allies 7628 | -6/Hub_04(d) | Discovered new exit (range 16) 7635 | -6/Hub_04(d) | Spotted B-75 Beast 7649 | -6/Hub_04(d) | Allies destroyed B-75 Beast 7833 | -6/Hub_04(d) | Network Hub disabled 7887 | -6/Hub_04(d) | Spotted Lightning 7894 | -6/Hub_04(d) | Build established: Hauler-Mutant 7907 | -6/Hub_04(d) | Spotted Lightning 7907 | -6/Hub_04(d) | Spotted Lightning 7959 | -6/Hub_04(d) | Destroyed Lightning 7971 | -6/Hub_04(d) | Destroyed Lightning 7995 | -6/Hub_04(d) | Destroyed Lightning 8008 | -6/Hub_04(d) | Found Prototype Energy Cannon 8017 | -6/Hub_04(d) | Found Prototype Energy Cannon 8017 | -6/Hub_04(d) | Identified EMDS (x2) 8038 | -6/Hub_04(d) | Found Prototype Device 8038 | -6/Hub_04(d) | Identified EM Dispersion Field 8056 | -6/Hub_04(d) | Found Prototype Processor 8056 | -6/Hub_04(d) | Identified Exp. Targeting Computer 8078 | -6/Hub_04(d) | First assault squad dispatched 8113 | -6/Hub_04(d) | Entered Factory 8113 | -5/Factory | Evolved 2 slots: Power x1, Utility x1 8296 | -5/Factory | Build established: Scavenger-Mutant 8453 | -5/Factory | Discovered new exit (range 15) 8520 | -5/Factory | Identified exit to Upper Caves 8572 | -5/Factory | Entered Upper Caves 8927 | -5/Upper Caves | Spotted B-75 Beast 8944 | -5/Upper Caves | Destroyed B-75 Beast 9044 | -5/Upper Caves | Learned Factory terminal intel 9314 | -5/Upper Caves | Discovered new exit (range 15) 9337 | -5/Upper Caves | Attracted the attention of an 0b10 checkpoint 9348 | -5/Upper Caves | Entered another Upper Caves area 9953 | -5/Upper Caves | Discovered new exit (range 11) 9987 | -5/Upper Caves | Identified exit to Factory 9998 | -5/Upper Caves | Entered Zhirov 9998 | -5/Zhirov | Discovered new exit (range 3) 10031 | -5/Zhirov | Met Zhirov 10063 | -5/Zhirov | Learned location of Testing (-2) 10063 | -5/Zhirov | Learned location of Command (-1) 10081 | -5/Zhirov | Zhirov requested help retrieving the SGEMP Prototype 10109 | -5/Zhirov | Found Alien Artifact 10109 | -5/Zhirov | Identified Integrated Dissipator 10109 | -5/Zhirov | Installed Integrated Dissipator, increased core heat dissipation (+2%) 10192 | -5/Zhirov | Found Alien Artifact 10258 | -5/Zhirov | Entered Proximity Caves 10914 | -4/Proximity Caves | Discovered exit to Factory (range 15) 10959 | -4/Proximity Caves | Entered Factory 10959 | -4/Factory | Evolved 2 slots: Utility x2 10960 | -4/Factory | Loaded intel: 19 terminal locations 11090 | -4/Factory | Destroyed 9 combat bots 11259 | -4/Factory | Build established: Hauler-Mutant 11430 | -4/Factory | Found Quantum Capacitor 11678 | -4/Factory | Found Prototype Processor 11678 | -4/Factory | Identified Exp. Melee Analysis Suite 11709 | -4/Factory | First assault squad dispatched 11916 | -4/Factory | Lost 8 parts (2p1n4u1w) 11918 | -4/Factory | Destroyed 11 combat bots 12110 | -4/Factory | Repaired Centrium Heavy Treads 12273 | -4/Factory | Repaired Centrium Medium Armor Plating 12382 | -4/Factory | Repaired Centrium Medium Armor Plating 12431 | -4/Factory | Build established: Scavenger-Mutant 12559 | -4/Factory | Spotted B-86 Titan 12718 | -4/Factory | Discovered new exit (range 16) 12752 | -4/Factory | Entered Research 12752 | -3/Research | Evolved 2 slots: Utility x2 13252 | -3/Research | First assault squad dispatched 13339 | -3/Research | Destroyed 8 combat bots 13483 | -3/Research | Destroyed 10 combat bots 13517 | -3/Research | Found Prototype Protection 13519 | -3/Research | Identified Centrium Heavy Armor Plating 13663 | -3/Research | Discovered new exit (range 16) 13675 | -3/Research | Discovered new exit (range 8) 13687 | -3/Research | Entered Quarantine 13734 | -3/Quarantine | Found Alien Slashing Weapon 13815 | -3/Quarantine | Found Alien Artifact 13815 | -3/Quarantine | Identified Subatomic Replicator 13846 | -3/Quarantine | Identified Sigix Broadsword 13966 | -3/Quarantine | First assault squad dispatched 14185 | -3/Quarantine | Met incapacitated Sigix Warrior 14185 | -3/Quarantine | Lockdown squad dispatched 14189 | -3/Quarantine | Acquired the access code to the Sigix quarantine chamber 14192 | -3/Quarantine | Unlocked Sigix quarantine chamber 14321 | -3/Quarantine | Spotted Lightning 14324 | -3/Quarantine | Spotted Lightning 14325 | -3/Quarantine | Spotted Lightning 14349 | -3/Quarantine | Destroyed Lightning 14354 | -3/Quarantine | Destroyed Lightning 14355 | -3/Quarantine | Destroyed Lightning 14375 | -3/Quarantine | Found EMDS 14378 | -3/Quarantine | Found Exp. Targeting Computer 14396 | -3/Quarantine | Found Prototype Device 14396 | -3/Quarantine | Identified Exp. Phase Shifter 14410 | -3/Quarantine | Found EM Dispersion Field 14419 | -3/Quarantine | Found Exp. Targeting Computer 14597 | -3/Quarantine | Discovered new exit (range 12) 14686 | -3/Quarantine | Found Alien Artifact 14686 | -3/Quarantine | Identified Stasis Generator 14847 | -3/Quarantine | Spotted Alpha 7 14861 | -3/Quarantine | Destroyed Alpha 7 14893 | -3/Quarantine | Found Alien Launcher 14954 | -3/Quarantine | Entered Research 14954 | -2/Research | Evolved 2 slots: Power x1, Utility x1 14955 | -2/Research | Identified exit to Testing 15012 | -2/Research | Spotted B-90 Cyclops 15094 | -2/Research | Entered Testing 15254 | -2/Testing | Found Prototype Energy Cannon 15254 | -2/Testing | Identified Cld. Nova Cannon 15390 | -2/Testing | Found Prototype Hackware 15413 | -2/Testing | Build established: Generator-Mutant 15494 | -2/Testing | Destroyed 8 combat bots 15603 | -2/Testing | Spotted PL-VZ9LKOJ9D2 15608 | -2/Testing | Destroyed PL-VZ9LKOJ9D2 15632 | -2/Testing | Spotted Striker 15652 | -2/Testing | Spotted Striker 15724 | -2/Testing | Found Prototype Protection 15724 | -2/Testing | Identified Hvy. Regenerative Plating 15727 | -2/Testing | Found Prototype Protection 15727 | -2/Testing | Identified SHELL Armor 15938 | -2/Testing | Identified System Mapper 15955 | -2/Testing | Spotted PH-622H342P63 15961 | -2/Testing | Destroyed PH-622H342P63 16005 | -2/Testing | Identified Transdimensional Reconstructor 16005 | -2/Testing | Warped through subspace 16411 | -2/Testing | Discovered new exit (range 10) 16602 | -2/Testing | Found Prototype Processor 16602 | -2/Testing | Identified Exp. Signal Interpreter 16647 | -2/Testing | Repaired Quantum Capacitor 16888 | -2/Testing | Found Prototype Energy Cannon 16888 | -2/Testing | Identified Imp. Potential Cannon 16893 | -2/Testing | Found Prototype Energy Cannon 16902 | -2/Testing | Identified Potential Cannon 16969 | -2/Testing | Spotted Fortress 17050 | -2/Testing | Entered Access 17050 | -1/Access | Evolved 2 slots: Utility x2 17186 | -1/Access | Repaired Rnf. Antimatter Reactor 17300 | -1/Access | First assault squad dispatched 18022 | -1/Access | Destroyed 10 combat bots 18214 | -1/Access | Crushed by falling debris 18220 | -1/Access | Spotted B-99 Colossus 18249 | -1/Access | Lost 4 parts (1p3u) 18278 | -1/Access | Destroyed B-99 Colossus 18329 | -1/Access | Found Prototype Ballistic Gun 18329 | -1/Access | Identified Multirail 18336 | -1/Access | Found Multirail 18359 | -1/Access | High security lockdown imminent 18439 | -1/Access | High security lockdown engaged 18483 | -1/Access | Used Subatomic Replicator to create Alien Launcher 18487 | -1/Access | Identified Supercharged Sigix Terminator 18488 | -1/Access | Fired Supercharged Sigix Terminator 18488 | -1/Access | Destroyed B-99 Colossus 18501 | -1/Access | Spotted Executioner 18501 | -1/Access | Spotted Executioner 18504 | -1/Access | Released all parts (15) 18516 | -1/Access | Destroyed 22 combat bots 18526 | -1/Access | System corruption reached 10% 18533 | -1/Access | Lost 6 parts (2p4u) 18622 | -1/Access | Discovered new exit (range 9) 18644 | -1/Access | Entered Command 18847 | -1/Command | Build established: Mutant 18868 | -1/Command | Spotted B-99 Colossus 18870 | -1/Command | Core integrity fell below 50% 18891 | -1/Command | Spotted B-99 Colossus 18894 | -1/Command | First assault squad dispatched 18896 | -1/Command | Spotted Executioner 18897 | -1/Command | Spotted Executioner 18897 | -1/Command | Spotted Striker 18903 | -1/Command | Discovered new exit (range 2) 18905 | -1/Command | Core integrity fell below 20% 18906 | *** | Destroyed 0B10! Last Messages --------------- 18892_ Penetrated by Slug. 18892_ Slug penetrates Wall. 18894_ ALERT: Significant disruption in Zone 8U, assault forces dispatched. 18894_ Slug penetrates Reinforced Barrier. 18895_ Imp. Heavy Treads destroyed. 18895_ Penetrated by Slug. 18895_ Lgt. Quantum Reactor destroyed. 18895_ Slug penetrates Wall. 18895_ Penetrated by Slug. 18895_ Slug penetrates Wall. 18897_ Penetrated by Slug. 18901_ Access Shell breached. 18903_ EXIT=FOUND 18904_ Slug penetrates Access Shell. 18904_ Penetrated by Slug. 18904_ Slug penetrates Access Shell. 18904_ Penetrated by Slug. 18905_ Slug penetrates Access Shell. 18905_ Slug penetrates Wall. Map ----- +----------------------------------------------------+ | ??????????????????????? ## ##### #?# #???????? | | ??????????????????????? #?# #???????? | | ????????????????????????# ^ #?# ########? | | ????????????????????????# #?# # #? | | ????????????????????????# ! #?# # """ #? | | ????????????????????????# #?#Y# """" #? | | ????????????????????????# #?# + """" #? | | ????????????????????????# ] ###Y# ""T #? | | ????????????????????????# YY # #? | | ????????????????????????# ####Y#### ##+###### | | ????????????????????????????? ??## ## # | | ?????????????????????######+## ## # ## + hh | | ?????????????????????# / !## # | | ?????????????????????# = !# ##w# | | ?????????????????????# h# ## # """ "" | | ?????????????????????# ! # ## # """T"" | | ?????????????????????# # ## ######### | | ?????????????????????###"""Y""" ####### ######### | | ???????????????????????#""""""" ##?????# | | ???????????????????######;##### ##??####+#### #### | | ???????????????????# ##??# ## #??? | | ???????????????????# #??# ## #??? | | ???????????????????# ^ K ##??# ##+#### | | ???????????????????# " ""^ #??????????# ? "" | | ???????????????????# #??????????# """" | | ???????????????????# " @" E #??????????# """" | | ???????????????????# ?" "" #??????????# "" | | ???????????????????# ??" "EBB#??????????# | | ???????????????????????"""""" B#?#######??? | | ???????????????????????????? #?# #???? | | ???????????????????????????? #?# #????? | | ???????????????????????????? #?# ######## # | | ???????????????????????????? ####?# + | | ??????????????????????????? ?????# ### ####+# | | ???????????????????????????? ?????# #?# | | ???????????????????????????? ?????# #?# | | ??????????????????????????????????###+###?# | | ????????????????????????????????????# #??## ![ | | ????????????????????????????????????# #??# [[ | | ????????????????????????????????????# #??## [[ | | ????????????????????????????????????# #???# ] | | ????????????????????????????????????# #???# | | ????????????????????????????????????# #???# | | ????????????????????????????????????# #???######## | | ????????????????????????????????????# #??????????? | | ????????????????????????????????????# #??????????? | | ????????????????????????????????????# #??????????? | | ????????????????????????????????????# #??????????? | | ????????????????????????????????????# #??????????? | | ????????????????????????????????????# ##########?? | +----------------------------------------------------+ Best States ------------- Heat Dissipation 143 Energy Generation 87 Energy Capacity 2345 Matter Stores 300 Matter Capacity 300 Sight Range 22 Robot Scan Range 13 Terrain Scan Density 210 EM Shielding 2 Armor Coverage 3300 Resistance: KI 30 Resistance: TH 10 Resistance: EM 90 Propulsion Shielding 90 Utility Shielding 66 Weapon Shielding 66 Phase Shifting 20 Evasion (%) 60 Targeting Accuracy 12 Target Analysis 8 Core Analysis 10 Recoil Reduction 4 Overload Amplification 75 Offensive Hacking 32 Item Schematics ----------------- Hrd. Medium Armor Plating | -8/Materials | Scanalyzed Lgt. Treads | -8/Materials | Scanalyzed Rocket Launcher | -8/Materials | Scanalyzed Lgt. EM Pulse Cannon | -8/Materials | Scanalyzed Hvy. Treads | -6/Factory | Scanalyzed Imp. Cooling System | -6/Factory | Scanalyzed Assault Drone Bay | -5/Zhirov | Free Exp. Heat Sink | -5/Zhirov | Free Exp. Optical Array | -5/Zhirov | Free Imp. Arc Thrower | -5/Zhirov | Free Robot Schematics ------------------ None Fabricated ------------ Nothing Alien Tech Used ----------------- Integrated Dissipator Subatomic Replicator Sigix Broadsword Stasis Generator Transdimensional Reconstructor Supercharged Sigix Terminator Achievements -------------- None Challenges ------------ None Game ------ Seed SwarmManeuveringAutocannon Manual? 0 Play Time 02:39:21 Cumulative 501.4 hours Start 2020.04.27 @ 11:00:48 End 2020.04.27 @ 13:53:20 Sessions 1 Manual Loads 0 Difficulty Rogue Special Mode None Game No. 827 Rogue 827 Adventurer 0 Explorer 0 Win Type 3 Total 43 Types 28/1/5/7/2/0/0 Lore% 93 Gallery% 93 Achievement% 80 Wizard Run 0 Options --------- ASCII 1 Keyboard 0 Movement Numpad Keybinds 0 Fullscreen 0 Font 14/SmallcapsGlow Map View 76x50 Tactical HUD 1 Map Filters NONE Filters NONE Steam 1 RUN: aca18bba-7f5d-4587-9d1b-0ca9ee6ca023